 Dungeon Crawl Stone Soup version 0.30-a0-39-g42789b21ef (webtiles) character file.

Game seed: 16822769817226102604

18894 Requin the Severer (level 12, 0/112 HPs)
             Began as a Hill Orc Fighter on Aug 28, 2022.
             Was an Elder of Beogh.
             Slain by a sun demon (9 damage)
             ... summoned by an orc high priest
             ... on level 2 of the Orcish Mines.
             The game lasted 01:01:54 (10744 turns).

Requin the Severer (Hill Orc Fighter)              Turns: 10744, Time: 01:01:56

Health: 0/112      AC: 16    Str: 24    XL:     12   Next: 63%
Magic:  11/17      EV:  7    Int:  8    God:    Beogh [****..]
Gold:   1038       SH: 12    Dex: 16    Spells: 11/11 levels left

rFire   + . .      SeeInvis .    k - +3 broad axe (freeze)
rCold   + . .      Faith    .    x - +1 kite shield
rNeg    + . .      Spirit   .    m - +2 chain mail {rF+}
rPois   .          Reflect  .    f - +0 helmet "Oluaske" {rC+ Will+}
rElec   .          Harm     .    (no cloak)
rCorr   .          Rampage  .    F - +0 pair of gloves
Will    +....                    (no boots)
Stlth   ..........               l - amulet of regeneration
HPRegen 1.08/turn                D - ring of positive energy
MPRegen 0.15/turn                C - +6 ring of dexterity

@: no status effects
A: no striking features
a: Renounce Religion, Smiting, Recall Orcish Followers


You were on level 2 of the Orcish Mines.
You worshipped Beogh.
Beogh was greatly pleased with you.
You visited 3 branches of the dungeon, and saw 13 of its levels.
You also visited: Ossuary and Bailey.

You collected 1108 gold pieces.
You spent 70 gold pieces at shops.

Inventory:

Hand Weapons
 k - a +3 broad axe of freezing (weapon)
 P - a +4 rapier of venom
Missiles
 b - 22 poisoned darts (quivered)
 g - 15 boomerangs
 u - an atropa-tipped dart
 E - 6 curare-tipped darts
 J - 3 throwing nets
 O - 2 javelins
 R - 6 stones
 S - a silver boomerang
Armour
 f - the +0 helmet "Oluaske" (worn) {rC+ Will+}
   (You found it on level 7 of the Dungeon)

   rC:        It protects you from cold.
   Will:      It increases your willpower.
 m - a +2 chain mail of fire resistance (worn)
 x - a +1 kite shield (worn)
 B - a +0 plate armour
 F - a +0 pair of gloves (worn)
Jewellery
 l - an amulet of regeneration (around neck)
 n - an amulet of guardian spirit
 C - a +6 ring of dexterity (right hand)
 D - a ring of positive energy (left hand)
Wands
 s - a wand of flame (31)
 v - a wand of polymorph (5)
 I - a wand of paralysis (1)
Scrolls
 e - 8 scrolls of teleportation
 h - 4 scrolls of amnesia
 j - 5 scrolls of enchant armour
 o - a scroll of butterflies {unknown}
 w - a scroll of fear
 K - 3 scrolls of blinking {unknown}
 M - a scroll of summoning {unknown}
 N - a scroll of torment {unknown}
 Q - a scroll of magic mapping {unknown}
Potions
 a - 2 potions of might
 c - 6 potions of curing
 d - 3 potions of magic
 i - a potion of cancellation {unknown}
 p - 2 potions of heal wounds
 q - 2 potions of flight
 r - 2 potions of mutation
 t - 2 potions of attraction
 z - a potion of resistance
 A - 4 potions of brilliance
 G - 4 potions of invisibility
 H - 3 potions of haste
Miscellaneous
 y - a lightning rod (4/4)
 L - a tin of tremorstones (2/2)


   Skills:
 - Level 12.0 Fighting
 + Level 17.0 Axes
 - Level 9.8 Armour
 - Level 7.4 Shields
 - Level 6.9 Invocations
 * Level 4.7 Evocations


You had 11 spell levels left.
You didn't know any spells.
Your spell library contained the following spells:

 Spells                   Type           Power      Damage    Failure   Level
 Magic Dart               Conj           0%         1d3       99%         1
 Ensorcelled Hibernation  Hex/Ice        0%         N/A       100%        2
 Searing Ray              Conj           0%         2d4       100%        2
 Ignite Poison            Fire/Tmut/Pois 0%         N/A       100%        3
 Airstrike                Air            0%         2d(0-16)  100%        4
 Anguish                  Hex/Necr       0%         N/A       100%        4
 Cause Fear               Hex            0%         N/A       100%        4
 Fulminant Prism          Conj/Hex       0%         3d6       100%        4
 Petrify                  Tmut/Erth      0%         N/A       100%        4
 Summon Lightning Spire   Summ/Air       0%         N/A       100%        4
 Alistair's Intoxication  Tmut/Pois      0%         N/A       100%        5
 Lightning Bolt           Conj/Air       0%         1d11      100%        5
 Metabolic Englaciation   Hex/Ice        0%         N/A       100%        5
 Summon Mana Viper        Hex/Summ       0%         N/A       100%        5
 Statue Form              Tmut/Erth      0%         N/A       100%        6
 Dragon Form              Tmut           0%         N/A       100%        7
 Dragon's Call            Summ           0%         N/A       100%        9


Dungeon Overview and Level Annotations

Branches:
Dungeon (10/15)            Temple (1/1) D:6             Orc (2/2) D:10
    Elf (0/3) Orc:2       Ossuary (visited)          Bailey (visited)
   Lair: D:8-11

Altars:
Ashenzari
Cheibriados
Dithmenos
Elyvilon
Fedhas
Gozag
Hepliaklqana
Kikubaaqudgha
Makhleb
Nemelex Xobeh
Okawaru
Qazlal
Ru
Sif Muna
Trog
Uskayaw
Vehumet
Wu Jian
Xom
Yredelemnul
Zin
The Shining One
Beogh

Shops:
D:7 *   D:8 *   Orc:2 *(


Message History

* * * LOW HITPOINT WARNING * * *
You are engulfed in flames!
You resist.
* * * LOW HITPOINT WARNING * * *
You feel much better.
Your orc warrior no longer looks unusually strong.
The sun demon hits you.
* * * LOW HITPOINT WARNING * * *
You are engulfed in flames.
You resist.
* * * LOW HITPOINT WARNING * * *
An orc wizard comes into view. It is wielding a +0 dagger.
The orc wizard stares at you in amazement and kneels.
It says, "I'm so glad you are here now."
The orc warrior completely misses your orc wizard.
Your orc warrior barely misses the sun demon.
The orc wizard hits you but does no damage.
Your orc wizard hits the orc high priest with a +0 dagger.
The orc high priest hits you but does no damage.
You writhe in agony.
* * * LOW HITPOINT WARNING * * *
The sun demon hits you but does no damage.
The chaos spawn misses your orc wizard.
You swap places.
Your orc warrior no longer looks unusually strong.
The orc warrior barely misses your orc wizard.
An orc priest comes into view. It is wielding a +0 hand axe.
The orc priest relaxes its fighting stance and smiles at you.
It shouts, "Surely Beogh must have sent you!"
Your orc warrior hits the sun demon with a +0 short sword.
Your orc warrior hits the sun demon with a +0 flail!!
The orc wizard points at you and mumbles some strange words.
The puff of flame hits your orc warrior.
Your orc wizard hits the orc high priest with a +0 dagger.
Your orc warrior hits the orc warrior with a +0 glaive!
The orc high priest closely misses you.
Your orc sorcerer barely misses the sun demon.
The sun demon hits you!
* * * LOW HITPOINT WARNING * * *
You are engulfed in flames!
You resist.
You die...
Beogh appreciates the sun demon's killing of a heretic priest.

##o.....#.....o......
.o.....#...)).......
#.....#o...).......
#..).#ooo.........
#..#ooo)........
#oooooo......... ∩
#ooooo.......... #o.
#ooooo..........
#.4#3@#...........
#4ooo#..........
#..o.o#.........
#...o...#........
##oo....#.......
o......## ....
.o....## ######


You could see an orc high priest (ally target), a sun demon (summoned, ally
target), a chaos spawn (summoned), an orc warrior (distracted), 2 orc wizards, 2
friendly orc knights, a friendly orc sorcerer, 10 friendly orc warriors, 3
friendly orc priests, the friendly Bogbrand the orc priest (strong), 3 friendly
orc wizards and 9 friendly orcs.

Vanquished Creatures
  2 vault guards (Bailey)
  A boulder beetle (D:10)
  4 two-headed ogres
  The ghost of leavemydog the Thaumaturge, a journeyman DECj of Vehumet (D:10)
  Pikel (D:4)
  A cyclops (D:8)
  A manticore (D:7)
  2 gargoyles (D:10)
  A komodo dragon (D:10)
  A troll (D:7)
  Grinder (D:5)
  Prince Ribbit (Bailey)
  A hornet (D:5)
  A shadow (D:10)
  10 yaks
  2 wyverns
  Grum (D:8)
  7 humans (Bailey)
  Edmund (D:3)
  2 vampire mosquitoes (D:10)
  3 water moccasins
  A sky beast (D:6)
  An ice beast (D:7)
  6 orc warriors
  3 wolves (D:8)
  A boggart (D:10)
  3 ogres
  6 centaurs
  2 phantoms (D:5)
  2 kobold brigands
  Blork the orc (D:4)
  11 bullfrogs
  3 scorpions
  2 gnoll sergeants (D:8)
  A necrophage (D:5)
  A wight (D:9)
  4 killer bees
  3 howler monkeys
  9 orc priests
  4 hounds
  Crazy Yiuf (D:2)
  2 gnoll boudas
  Ijyb (D:4)
  Terence (D:2)
  2 iguanas
  16 orc wizards
  8 mummies (Ossuary)
  Robin (D:3)
  19 gnolls
  4 adders
  2 shadow imps
  2 white imps
  An ufetubus (D:5)
  2 adder zombies (D:3)
  A worm (D:2)
  2 dart slugs
  35 orcs
  4 ball pythons
  6 endoplasms
  2 giant cockroaches
  2 gnoll zombies (Ossuary)
  24 goblins
  7 hobgoblins
  5 quokkas
  6 bats
  2 frilled lizards (D:1)
  2 hobgoblin zombies (Ossuary)
  14 kobolds
  4 orc zombies (Ossuary)
  2 quokka zombies (D:8)
  7 rats
296 creatures vanquished.

Vanquished Creatures (collateral kills)
  3 two-headed ogres
  An orc high priest (Orc:2)
  An orc sorcerer (Orc:2)
  A kobold demonologist (D:9)
  2 trolls
  A yak (D:7)
  A human (Bailey)
  A basilisk (D:7)
  The ghost of Somebody the Chiller, an amateur MeWn of Dithmenos (D:3)
  A vampire mosquito (D:7)
  A warg (Orc:2)
  A black bear (D:7)
  5 orc warriors
  An ogre (Orc:2)
  4 bullfrogs
  6 orc priests
  4 orc wizards
  3 gnolls (D:10)
  9 orcs
  3 training dummies (Orc:2)
  A kobold (D:9)
51 creatures vanquished.

Vanquished Creatures (others)
  3 orc warriors
  6 orc priests
  3 orc wizards (Orc:2)
  20 orcs
  4 demonic plants (D:1)
  A fungus (D:1)
  4 plants
  3 withered plants (D:1)
44 creatures vanquished.

Grand Total: 391 creatures vanquished

Notes
Turn   | Place    | Note
-------+----------+-------------------------------------------
     0 | D:1      | Requin the Hill Orc Fighter began the quest for the Orb.
     0 | D:1      | Reached XP level 1. HP: 19/19 MP: 1/1
   128 | D:1      | Reached skill level 3 in Axes
   234 | D:1      | Found a faded altar of an unknown god.
   240 | D:1      | Reached XP level 2. HP: 26/27 MP: 2/2
  1247 | D:2      | Noticed Terence
  1264 | D:2      | Killed Terence
  1265 | D:2      | Reached skill level 4 in Axes
  1265 | D:2      | Reached XP level 3. HP: 11/33 MP: 3/3
  1358 | D:2      | Reached XP level 4. HP: 40/40 MP: 4/4
  1682 | D:2      | Found a runed translucent door.
  1683 | D:2      | Noticed Crazy Yiuf
  1693 | D:2      | Killed Crazy Yiuf
  1835 | D:3      | Reached skill level 5 in Axes
  1903 | D:3      | Identified the +6 rapier of Grandeur {vamp, *Rage rElec
                  | Will+}
  1963 | D:3      | Found a runed translucent gate.
  1963 | D:3      | Found a runed translucent gate.
  1963 | D:3      | Found a runed translucent gate.
  1963 | D:3      | Noticed Somebody's ghost (amateur MeWn)
  1968 | D:3      | Found a basalt altar of Yredelemnul.
  1981 | D:3      | Reached XP level 5. HP: 47/47 MP: 5/5
  2137 | D:3      | Noticed Robin
  2164 | D:3      | Killed Robin
  2384 | D:4      | Noticed Edmund
  2411 | D:3      | Killed Edmund
  2412 | D:3      | Reached skill level 5 in Fighting
  2412 | D:3      | Reached skill level 6 in Axes
  2412 | D:3      | Reached XP level 6. HP: 41/56 MP: 6/6
  2448 | D:4      | You fall into a shaft and drop 1 floor!
  2448 | D:5      | Entered Level 5 of the Dungeon
  2486 | D:5      | Noticed a water moccasin
  2512 | D:5      | Killed a water moccasin
  2604 | D:5      | Reached skill level 7 in Axes
  2604 | D:5      | Reached skill level 5 in Shields
  2609 | D:5      | Reached XP level 7. HP: 61/61 MP: 7/7
  2621 | D:5      | Noticed Grinder
  2623 | D:5      | Paralysed by Grinder for 5 turns
  2666 | D:5      | Paralysed by Grinder for 5 turns
  2675 | D:5      | Killed Grinder
  2727 | D:5      | Reached skill level 8 in Axes
  2762 | D:5      | Reached XP level 8. HP: 70/70 MP: 8/8
  2892 | D:4      | Noticed Ijyb
  2938 | D:4      | Killed Ijyb
  2945 | D:4      | Noticed Blork the orc
  2958 | D:4      | Killed Blork the orc
  2959 | D:4      | Reached skill level 9 in Axes
  3204 | D:4      | Noticed Pikel
  3251 | D:4      | Killed Pikel
  3252 | D:4      | Reached skill level 10 in Axes
  3747 | D:5      | Noticed a hornet
  3750 | D:5      | Paralysed by a hornet for 2 turns
  3759 | D:5      | Killed a hornet
  3760 | D:5      | Reached XP level 9. HP: 48/79 MP: 9/9
  3869 | D:5      | Reached skill level 11 in Axes
  3995 | D:5      | Became a worshipper of Beogh the Brigand
  3998 | D:5      | Reached skill level 5 in Armour
  4709 | D:6      | Found a hazy altar of Hepliaklqana.
  4749 | D:6      | Got the Codex of Foul Glamour
  4840 | D:6      | Found a staircase to the Ecumenical Temple.
  4849 | Temple   | Entered the Ecumenical Temple
  5086 | D:6      | Found a radiant altar of Vehumet.
  5259 | D:6      | Reached skill level 12 in Axes
  5265 | D:6      | Found a bloodstained altar of Trog.
  5466 | D:7      | Found a transporter.
  5468 | D:7      | Noticed a troll
  5485 | D:7      | Found a transporter.
  5486 | D:7      | Found a transporter.
  5530 | D:7      | Found an iron altar of Okawaru.
  5657 | D:7      | Reached * piety under Beogh
  5750 | D:7      | Found Gozag's Platinum Reserve.
  5779 | D:7      | Found an opulent altar of Gozag.
  5924 | D:7      | Found a transporter.
  5926 | D:7      | Found a transporter.
  5926 | D:7      | Noticed a manticore
  5962 | D:7      | Noticed a troll
  6318 | D:8      | Reached XP level 10. HP: 63/91 MP: 10/10
  6357 | D:8      | Reached skill level 13 in Axes
  6454 | D:8      | Found a glowing silver altar of Zin.
  6454 | D:8      | Noticed an angel
  6575 | D:8      | Found Lipubic's General Store.
  6626 | D:8      | Reached ** piety under Beogh
  6667 | D:8      | Found a sand-covered staircase.
  6676 | Ossuary  | Entered an ossuary
  6910 | D:8      | Bought a potion of curing for 42 gold pieces
  6910 | D:8      | Bought a scroll of identify for 28 gold pieces
  6961 | D:8      | Noticed a two-headed ogre
  6979 | D:8      | Killed a two-headed ogre
  6980 | D:8      | Reached skill level 14 in Axes
  7027 | D:8      | Noticed a two-headed ogre
  7040 | D:8      | Killed a two-headed ogre
  7041 | D:8      | Reached skill level 10 in Fighting
  7140 | D:8      | Noticed a cyclops
  7160 | D:8      | Killed a cyclops
  7349 | D:8      | Noticed Grum
  7376 | D:8      | Killed Grum
  7380 | D:8      | Reached skill level 15 in Axes
  7380 | D:8      | Reached XP level 11. HP: 20/101 MP: 11/11
  7655 | D:9      | Reached *** piety under Beogh
  7841 | D:9      | Noticed a two-headed ogre
  8088 | D:9      | Killed a two-headed ogre
  8401 | D:10     | Entered Level 10 of the Dungeon
  8413 | D:10     | Found a flagged portal.
  8434 | Bailey   | Entered a bailey
  8526 | Bailey   | Reached **** piety under Beogh
  8546 | Bailey   | Reached skill level 16 in Axes
  8562 | Bailey   | Reached skill level 1 in Invocations
  8627 | Bailey   | Noticed Prince Ribbit
  8627 | Bailey   | Noticed a vault guard
  8639 | Bailey   | Killed a vault guard
  8642 | Bailey   | Killed Prince Ribbit
  8766 | Bailey   | Noticed a vault guard
  8777 | Bailey   | Killed a vault guard
  8846 | D:10     | Found a roughly hewn altar of Beogh.
  8846 | D:10     | Found a staircase to the Orcish Mines.
  8927 | D:10     | Noticed a boulder beetle
  8944 | D:10     | Killed a boulder beetle
  9033 | D:10     | Reached skill level 5 in Invocations
  9103 | D:10     | Found a white marble altar of Elyvilon.
  9139 | D:10     | Reached XP level 12. HP: 101/111 MP: 14/16
  9255 | D:10     | Noticed a death knight
  9359 | D:10     | Found a runed translucent gate.
  9360 | D:10     | Found a runed translucent gate.
  9360 | D:10     | Noticed leavemydog's ghost (journeyman DECj)
  9388 | D:10     | Noticed a two-headed ogre
  9394 | D:10     | Killed a two-headed ogre
  9413 | D:10     | Noticed a two-headed ogre
  9419 | D:10     | Found a runed translucent gate.
  9446 | D:10     | Identified the +7 quarterstaff "Plog" {protect, +Blink
                  | rElec rN+++ Dex-4}
  9797 | D:10     | Killed a two-headed ogre
  9799 | D:10     | Killed leavemydog's ghost
  9968 | D:3      | Killed Somebody's ghost
 10084 | D:7      | Reached skill level 1 in Evocations
 10089 | D:7      | Gained Bogbrand as an ally
 10128 | D:7      | Identified the +4 morningstar of Mastery {drain, rPois
                  | Will- Str-4 Stlth+}
 10147 | D:7      | Identified the +0 helmet "Oluaske" {rC+ Will+}
 10305 | Orc:1    | Entered Level 1 of the Orcish Mines
 10327 | Orc:1    | Noticed a two-headed ogre
 10332 | Orc:1    | Killed a two-headed ogre
 10498 | Orc:2    | Entered Level 2 of the Orcish Mines
 10501 | Orc:2    | Noticed an orc high priest
 10505 | Orc:2    | Killed an orc high priest
 10572 | Orc:2    | Noticed a two-headed ogre
 10578 | Orc:2    | Killed a two-headed ogre
 10613 | Orc:2    | Found a staircase to the Elven Halls.
 10628 | Orc:2    | Found Icunufaw's Firing Range.
 10717 | Orc:2    | Paralysed by an orc sorcerer for 5 turns
 10728 | Orc:2    | Reached skill level 17 in Axes
 10735 | Orc:2    | Noticed a sun demon
 10738 | Orc:2    | Reached ***** piety under Beogh
 10741 | Orc:2    | Noticed an orc high priest
 10742 | Orc:2    | Found Qaikeiluic's General Store.
 10742 | Orc:2    | Noticed an orc high priest
 10744 | Orc:2    | Slain by a sun demon

Illustrated notes

Levels and vault maps discovered:
D:1:      dpeg_arrival_signposts, layout_basic, shapermc_ecumenical_altar_gd,
          chequers_serial_rivers_small_3
D:2:      layout_rooms, uniq_crazy_yiuf_cottage, uniq_terence
D:3:      layout_rooms, nicolae_yredelemnul_ghost_church,
          minmay_misc_feat_plants, uniq_robin
D:4:      layout_basic, minmay_goblin_outpost, uniq_blork_the_orc, uniq_edmund,
          uniq_ijyb, uniq_pikel
D:5:      layout_cave_pods, st_stairs_3, minmay_misc_feat_chi, uniq_grinder
D:6:      layout_cave_pools, nicolae_hepliaklqana_hippocampus, bloody_trog,
          lemuel_crystal_altar, minmay_temple_entry_gardened_gates,
          bh_walls_and_bars
D:7:      gammafunk_the_bubble [the_bubble_gammafunk_roulette],
          layout_loops_cross, general_overflow_altar,
          nicolae_gozag_zags_fifth_avenue
D:8:      layout_basic, zin_angel, serial_shops, nicolae_shop_advertising_works
          [nicolae_subvault_shop_adworks], enter_ossuary_4,
          hellmonk_guarded_unrand_dark_maul, uniq_grum
D:9:      minmay_evil_eye, layout_cave_pools
D:10:     layout_loops_corners, elyvilon_altar_5, david_orc_5,
          gammafunk_ghost_split, lightli_bailey_entry_fortress,
          lightli_corner_chamber
Temple:   dpeg_chambers_temple
Orc:1:    nicolae_orc_accident_2, layout_caves, led_sif_book
Orc:2:    st_orc_mages, layout_caves, gammafunk_ghost_cemetery,
          nicolae_shop_firing_range

Skill      XL: |  1  2  3  4  5  6  7  8  9 10 11 12 |
---------------+-------------------------------------+-----
Axes           | 3 4 5 6 7 8 10 12 15 16 17 | 17.0
Fighting       | 4 5 6 7 9 10 11 12 | 12.0
Shields        | 4 5 6 7 |  7.4
Armour         | 4 6 8 9 |  9.8
Invocations    | 5 6 |  6.9
Evocations     | 4 |  4.7

Action                   |  1- 3 |  4- 6 |  7- 9 | 10-12 || total
-------------------------+-------+-------+-------+-------++-------
Melee: War axe           |    69 |   133 |   367 |   372 ||   941
       Broad axe         |       |       |       |   105 ||   105
Throw: Stone             |     7 |    20 |     2 |       ||    29
       Dart              |       |       |    17 |    31 ||    48
       Boomerang         |       |       |       |     4 ||     4
Invok: Convert to Beogh  |       |       |     1 |       ||     1
       Smiting           |       |       |       |     8 ||     8
       Recall Orcish Fol |       |       |       |     2 ||     2
Evoke: Wand              |       |       |       |     4 ||     4
  Use: Scroll            |       |     9 |     7 |    11 ||    27
       Potion            |       |     1 |     1 |     4 ||     6
 Stab: Invisible         |       |     1 |       |       ||     1
       Paralysed         |       |       |       |     2 ||     2
Armor: Scale mail        |    27 |       |       |       ||    27
       Chain mail        |     1 |    74 |   229 |   249 ||   553
Dodge: Dodged            |    29 |    48 |   110 |   159 ||   346
Block: Buckler           |    20 |    25 |    81 |    47 ||   173
       Kite shield       |       |       |       |   168 ||   168

Table legend: (Time is in decaauts)
 A = Elapsed time spent in this place.
 B = Non-inter-level travel time spent in this place.
 C = Inter-level travel time spent in this place.
 D = Time resting spent in this place.
 E = Time spent auto-exploring this place.
 F = Levels seen in this place.
 G = Mean time per level.
                   A        B        C        D        E       F      G
               +--------+--------+--------+--------+--------+-----+--------+
         Total |  10789 |   9984 |    805 |    443 |   6862 |  15 |  719.3 |
       Dungeon |   9549 |   8779 |    770 |    359 |   6112 |  10 |  954.9 |
        Temple |    226 |    204 |     22 |      0 |    191 |   1 |  226.0 |
  Orcish Mines |    436 |    423 |     13 |      0 |    302 |   2 |  218.0 |
       Ossuary |    205 |    205 |      0 |     18 |    117 |   1 |  205.0 |
        Bailey |    371 |    371 |      0 |     66 |    140 |   1 |  371.0 |
               +--------+--------+--------+--------+--------+-----+--------+

Top non-repeatable levels by time:
     D:5: 1335 daAuts
     D:1: 1237 daAuts
     D:8: 1199 daAuts
    D:10: 1163 daAuts
     D:7: 1082 daAuts
     D:4: 900 daAuts
     D:3: 719 daAuts
     D:9: 706 daAuts
     D:6: 667 daAuts
     D:2: 537 daAuts
  Bailey: 371 daAuts
   Orc:2: 243 daAuts
  Temple: 226 daAuts
 Ossuary: 205 daAuts
   Orc:1: 193 daAuts
